 Dungeon Crawl Stone Soup version 0.18.1-48-g4cf74bf (webtiles) character file.

704 HEYYEYAAE the Skirmisher (level 7, 0/60 HPs)
             Began as a Demigod Gladiator on Sept 8, 2016.
             Slain by a centaur (3 damage)
             ... on level 5 of the Dungeon.
             The game lasted 00:06:01 (3253 turns).

HEYYEYAAE the Skirmisher (Demigod Gladiator)        Turns: 3253, Time: 00:06:01

Health: 0/60       AC: 12    Str: 22      XL:     7   Next: 16%
Magic:  9/9        EV: 14    Int: 12      God:
Gold:   176        SH:  0    Dex: 15 (16) Spells: 0 memorised, 6 levels left

rFire  . . .     SeeInvis .     e - +1 falchion (protect)
rCold  . . .     Gourm    .     b - +0 leather armour
rNeg   . . .     Faith    .     (no shield)
rPois  +         Spirit   .     c - +1 helmet
rElec  .         Dismiss  +     (no cloak)
rCorr  .         Reflect  .     (no gloves)
SustAt +         Harm     .     (no boots)
MR     .....     Rnd*Tele +     q - amulet of dismissal
Stlth  +.........               (no ring)
                                p - ring of teleportation

@: not resistant to hostile enchantments, very unstealthy
A: thin metallic scales 1, high mp 1, poison resistance, sustain attributes
a: no special abilities


You were on level 5 of the Dungeon.
You were not hungry.

You visited 1 branch of the dungeon, and saw 5 of its levels.

You collected 176 gold pieces.

Inventory:

Hand Weapons
 a - a +0 rapier
 e - a +1 falchion of protection (weapon)
 k - a +2 spear of flaming
Missiles
 d - 3 throwing nets (quivered)
Armour
 b - a +0 leather armour (worn)
 c - a +1 helmet (worn)
 u - a +0 buckler
Jewellery
 p - a ring of teleportation (left hand)
 q - an amulet of dismissal (around neck)
Wands
 n - a wand of flame (15/48)
 s - a wand of confusion (0/48)
Scrolls
 g - a scroll of enchant weapon
 h - a scroll of identify
 i - a scroll of enchant armour
 j - a scroll of remove curse
 m - a scroll of immolation
Books
 r - a book of the Tempests

   Spells                             Type                      Level
   a - Static Discharge               Conjuration/Air              3
   b - Lightning Bolt                 Conjuration/Air              5
   c - Fireball                       Conjuration/Fire             5
   d - Tornado                        Air                          9
   e - Shatter                        Earth                        9
Comestibles
 f - 3 bread rations
 l - 3 meat rations
 o - a chunk of flesh


   Skills:
 * Level 4.7 Fighting
 + Level 4.1 Short Blades
 - Level 1.7 Throwing
 + Level 2.5 Armour
 + Level 4.0 Dodging
 + Level 2.3 Shields


You had 6 spell levels left.
You didn't know any spells.

Dungeon Overview and Level Annotations

Branches:
Dungeon (5/15)
 Temple: D:4-7


Innate Abilities, Weirdness & Mutations

You have an increased reservoir of magic (+10% MP).
Your attributes are resistant to harm.
You are partially covered in thin metallic scales (AC +2).
Your system is resistant to poisons.


Message History

The centaur hits you.
* * * LOW HITPOINT WARNING * * *
Unknown command.
You aren't carrying any potions.
Unknown command.
Put on which piece of jewellery? (? for menu, Esc to quit)
Okay, then.
You hit the centaur.
The centaur is moderately wounded.
The centaur barely misses you. The centaur completely misses you.
Unknown command.
You hit the centaur.
The centaur is heavily wounded.
The centaur closely misses you.
The centaur hits you but does no damage.
Unknown command.
You slash the centaur!
The centaur is almost dead.
The centaur closely misses you. The centaur hits you.
You die...

........................#
..#..############.......#
. ##. .###.......## #####
###...........#
.##...##...##..#.....#
............#.##.....#
#.............##.....#
#.............#..#..##
......c@.....##.##..#
.............#..##....
##....##.(.#....##.##..
##... ###(..#......##.#
#.. #.....###... ..
##..##.#.†..## #.#.. .
##.........# .
#.####.....# ##....#


You could see a centaur.

Vanquished Creatures
  Grinder (D:3)
  Eustachio (D:4)
  A phantom (D:4)
  4 worker ants
  A howler monkey skeleton (D:3)
  4 gnolls (D:3)
  6 adders
  A dart slug (D:3)
  9 giant geckos
  6 orcs
  6 bats
  6 giant cockroaches
  5 goblins
  7 hobgoblins
  3 jackals (D:2)
  7 kobolds
  2 quokkas
  A ball python (D:1)
  8 giant newts (D:1)
  4 rats
83 creatures vanquished.

Notes
Turn   | Place    | Note
--------------------------------------------------------------
     0 | D:1      | HEYYEYAAE the Demigod Gladiator began the quest for the Orb.
     0 | D:1      | Reached XP level 1. HP: 17/17 MP: 3/3
   133 | D:1      | Reached XP level 2. HP: 18/24 MP: 4/4
   508 | D:2      | Reached XP level 3. HP: 27/30 MP: 5/5
  1023 | D:2      | Reached skill level 1 in Armour
  1735 | D:3      | Reached XP level 4. HP: 30/38 MP: 6/6
  1814 | D:3      | Noticed Grinder
  1847 | D:3      | Killed Grinder
  1847 | D:3      | Reached skill level 1 in Shields
  1847 | D:3      | Reached XP level 5. HP: 23/46 MP: 7/7
  2052 | D:3      | Reached XP level 6. HP: 50/52 MP: 8/8
  2568 | D:4      | Noticed Eustachio
  2806 | D:4      | Killed Eustachio
  2849 | D:4      | Reached XP level 7. HP: 11/60 MP: 9/9
  2880 | D:4      | Gained mutation: Your system is resistant to poisons. [potion of mutation]
  2880 | D:4      | Gained mutation: You are partially covered in thin metallic scales (AC +2). [potion of mutation]
  3156 | D:5      | Entered Level 5 of the Dungeon
  3250 | D:5      | HP: 2/60 [centaur (5)]
  3253 | D:5      | Slain by a centaur

Skill      XL: |  1  2  3  4  5  6 |
---------------+-------------------+-----
Fighting       | 2 3 4 |  4.7
Short Blades   | 3 4 |  4.1
Dodging        | 3 4 |  4.0
Armour         | 1 2 |  2.5
Shields        | 1 2 |  2.3
Throwing       | |  1.7

Action                   |  1- 3 |  4- 6 |  7- 9 || total
-------------------------+-------+-------+-------++-------
Melee: Rapier            |    35 |       |       ||    35
       Spear             |    92 |   130 |     4 ||   226
       Falchion          |       |       |    34 ||    34
Evoke: Wand              |       |     8 |    19 ||    27
  Use: Scroll            |       |     6 |       ||     6
       Potion            |       |     5 |     5 ||    10
 Stab: Sleeping          |     6 |     2 |       ||     8
       Confused          |       |     5 |     1 ||     6
  Eat: Royal jelly       |     1 |       |       ||     1
       Chunk             |       |     1 |     1 ||     2
       Bread ration      |       |     1 |       ||     1
Armor: Leather armour    |    21 |    31 |    29 ||    81
Dodge: Dodged            |    68 |   115 |    54 ||   237
